 Dungeon Crawl Stone Soup version 0.27-a0-931-g5a74e75d8f (webtiles) character file.

Game seed: 16458593962327219204

14 polve the Skirmisher (level 2, -4/24 HPs)
             Began as a Demonspawn Abyssal Knight on Apr 10, 2021.
             Was a Follower of Lugonu.
             Killed from afar by a dart slug (8 damage)
             ... with a slug dart
             ... on level 1 of the Dungeon.
             The game lasted 00:00:34 (476 turns).

polve the Skirmisher (Demonspawn Abyssal Knight)     Turns: 476, Time: 00:00:34

Health: -4/24      AC:  3    Str: 12    XL:     2   Next: 27%
Magic:  3/3        EV: 11    Int:  9    God:    Lugonu [*.....]
Gold:   21         SH:  0    Dex: 14    Spells: 1/1 levels left

rFire    . . .     SeeInvis .   a - +1 falchion
rCold    . . .     Faith    .   (no shield)
rNeg     . . .     Spirit   .   b - +0 leather armour
rPois    .         Reflect  .   (no helmet)
rElec    .         Harm     .   (no cloak)
rCorr    .         Rampage  .   (no gloves)
Will     .....                  (no boots)
Stlth    ++........             (no amulet)
HPRegen  0.08/turn              (no ring)
MPRegen  0.08/turn              (no ring)

@: no status effects
A: thin skeletal structure 1, [dopey 2], [screaming 2]
a: Renounce Religion, Depart the Abyss


You were on level 1 of the Dungeon.
You worshipped Lugonu.
Lugonu was aware of your devotion.
You visited 1 branch of the dungeon, and saw 1 of its levels.
You visited the Abyss 1 time.

You collected 21 gold pieces.

Inventory:

Hand Weapons
 a - a +1 falchion (weapon)
Armour
 b - a +0 leather armour (worn)
Scrolls
 c - a scroll of vulnerability {unknown}


   Skills:
 - Level 3.0 Fighting
 + Level 2.7 Long Blades
 - Level 1.7 Armour
 - Level 0.8 Dodging
 - Level 2.4 Invocations


You had one spell level left.
You didn't know any spells.
Your spell library was empty.

Dungeon Overview and Level Annotations

Branches:
Dungeon (1/15)

Altars:


Innate Abilities, Weirdness & Mutations

You have a somewhat thin skeletal structure. (Dex +2, Stealth)
[You are very dopey. (Int -4)]
[You frequently scream uncontrollably at your foes.]


Message History

You are too injured to fight recklessly!
You are too injured to fight recklessly!
You are too injured to fight recklessly!
You see here a +0 ring mail.
A hobgoblin comes into view.
The hobgoblin shouts!
The dart slug launches a dart at you. The slug dart hits you.
Found a scroll labelled ZETAFR GIATEY.
A bat comes into view.
The dart slug launches a dart at you. The slug dart hits you.
The bat barely misses you. x2; The hobgoblin barely misses you.
You barely miss the hobgoblin. The bat closely misses you.
The bat hits you but does no damage. The hobgoblin barely misses you.
You riposte.
You closely miss the hobgoblin. The dart slug barely misses you.
The hobgoblin hits you.
You closely miss the hobgoblin. The bat misses you. The bat closely misses you.
You riposte.
You hit the bat.
You kill the bat!
Lugonu accepts your kill. The dart slug bites you.
The hobgoblin hits you but does no damage.
You hit the hobgoblin.
The hobgoblin is almost dead.
The hobgoblin hits you.
* * * LOW HITPOINT WARNING * * *
The dart slug bites you but does no damage.
You closely miss the hobgoblin.
The hobgoblin is severely wounded.
The hobgoblin misses you.
The dart slug bites you but does no damage.
You slash the hobgoblin!
You kill the hobgoblin!
Lugonu accepts your kill.
You hit the dart slug.
The dart slug is heavily wounded.
The dart slug launches a dart at you. The slug dart hits you!
You die...

#.^.....# #.# #...#
#)......######.###...#
#....>...........'....
#......######...##...#
#....[.# #...######
#......# ####...#
#......###......#
####....##......#
#.@..##......#
#..w.##......#
+....+.......#
#....##†.....######
#..?.##............
#....##......#.....
#....###.#...#.....
#....# #...........
#...........


You could see a dart slug.

Vanquished Creatures
  2 hobgoblins (D:1)
  4 jackals (D:1)
  A quokka (D:1)
  3 bats (D:1)
  A frilled lizard (D:1)
  A kobold (D:1)
12 creatures vanquished.

Notes
Turn   | Place    | Note
-------+----------+-------------------------------------------
     0 | Abyss:1  | polve the Demonspawn Abyssal Knight began the quest for the
                  | Orb.
     0 | Abyss:1  | Reached XP level 1. HP: 18/18 MP: 2/2
   111 | Abyss:1  | Noticed a smoke demon
   111 | Abyss:1  | Noticed a glowing orange brain
   114 | Abyss:1  | Noticed a ynoxinul
   114 | Abyss:1  | Noticed an ice beast
   115 | Abyss:1  | Noticed a raiju
   115 | Abyss:1  | Noticed a wretched star
   117 | D:1      | Escaped the Abyss
   165 | D:1      | Reached * piety under Lugonu
   374 | D:1      | Gained mutation: You have a somewhat thin skeletal
                  | structure. (Dex +2, Stealth) [demonic ancestry]
   374 | D:1      | Reached XP level 2. HP: 24/24 MP: 3/3
   476 | D:1      | Killed from afar by a dart slug

Illustrated notes

Levels and vault maps discovered:
D:1:      ncdulo_lavacross, layout_basic

Skill      XL: |  1 |
---------------+----+-----
Long Blades    | 2 |  2.7
Fighting       | |  3.0
Armour         | |  1.7
Dodging        | |  0.8
Invocations    | |  2.4

Action                   || total
-------------------------++-------
Melee: Falchion          ||    30
Invok: Depart the Abyss  ||     1
  Use: Potion            ||     1
 Stab: Distracted        ||     1
Armor: Leather armour    ||    20
Dodge: Dodged            ||    37
       Rpst.: Falchion   ||    11

Table legend: (Time is in decaauts)
 A = Elapsed time spent in this place.
 B = Non-inter-level travel time spent in this place.
 C = Inter-level travel time spent in this place.
 D = Time resting spent in this place.
 E = Time spent auto-exploring this place.
 F = Levels seen in this place.
 G = Mean time per level.
                   A        B        C        D        E       F      G
               +--------+--------+--------+--------+--------+-----+--------+
         Total |    488 |    488 |      0 |      0 |    400 |   2 |  244.0 |
       Dungeon |    364 |    364 |      0 |      0 |    283 |   1 |  364.0 |
         Abyss |    124 |    124 |      0 |      0 |    117 |   1 |  124.0 |
               +--------+--------+--------+--------+--------+-----+--------+

Top non-repeatable levels by time:
     D:1: 364 daAuts
 Abyss:1: 124 daAuts
